 Dungeon Crawl Stone Soup version 0.29-a0-721-g7f417c9bbb (webtiles) character file.

Game seed: 2992679612508038705

93 Shayle the Sneak (level 4, -1/40 HPs)
             Began as a Naga Warper on June 27, 2022.
             Slain by an orc
             ... wielding a +0 flail
              (8 damage)
             ... on level 2 of the Dungeon.
             The game lasted 00:11:59 (3540 turns).

Shayle the Sneak (Naga Warper)                      Turns: 3540, Time: 00:11:59

Health: -1/40      AC:  4    Str: 13    XL:     4   Next: 62%
Magic:  7/7        EV:  9    Int: 16    God:
Gold:   88         SH:  0    Dex: 10    Spells: 8/8 levels left

rFire   . . .      SeeInvis +   m - +0 spear
rCold   . . .      Faith    .   (no shield)
rNeg    . . .      Spirit   .   a - +0 leather armour
rPois   +          Reflect  .   n - +0 helmet
rElec   .          Harm     .   (no cloak)
rCorr   .          Rampage  .   p - +0 pair of gloves
Will    .....                   (no barding)
Stlth   ++........              (no amulet)
HPRegen 0.13/turn               (no ring)
MPRegen 0.10/turn               (no ring)

@: short of breath, very slow
A: AC +1, large, see invisible, deformed body, poison resistance, slowness 2,
spit poison 1, naga tail 1
a: Spit Poison


You were on level 2 of the Dungeon.
You visited 1 branch of the dungeon, and saw 3 of its levels.

You collected 88 gold pieces.

Inventory:

Hand Weapons
 d - a +0 triple crossbow
 m - a +0 spear (weapon)
Armour
 a - a +0 leather armour (worn)
 n - a +0 helmet (worn)
 p - a +0 pair of gloves (worn)
Magical Staves
 e - a staff of conjuration
Scrolls
 b - 2 scrolls of blinking
 c - a scroll of immolation
 g - a scroll of teleportation {unknown}
 o - a scroll of enchant weapon {unknown}
 q - a scroll of enchant armour {unknown}
 r - a scroll of identify
 s - a scroll of magic mapping
Potions
 f - a potion of might {unknown}
 h - a potion of heal wounds
 i - 2 potions of curing {unknown}
 j - a potion of ambrosia {unknown}
 k - 2 potions of attraction {unknown}
 l - a potion of mutation {unknown}


   Skills:
 + Level 2.6 Fighting
 + Level 1.8 Throwing
 - Level 0.7 Armour
 - Level 1.5 Dodging
 * Level 4.0 Stealth
 - Level 2.0 Unarmed Combat
 + Level 2.6 Spellcasting
 - Level 3.0 Translocations


You had 8 spell levels left.
You didn't know any spells.
Your spell library contained the following spells:

 Spells                   Type           Power      Damage    Failure   Level
 Blink                    Tloc           22%        N/A       11%         2
 Gell's Gravitas          Tloc           11%        N/A       22%         3
 Lesser Beckoning         Tloc           11%        N/A       22%         3
 Teleport Other           Tloc           11%        N/A       22%         3
 Manifold Assault         Tloc           11%        N/A       90%         5
 Petrify                  Tmut/Erth      2%         N/A       94%         4
 Metabolic Englaciation   Hex/Ice        1%         N/A       100%        5
 Statue Form              Tmut/Erth      1%         N/A       100%        6


Dungeon Overview and Level Annotations

Branches:
Dungeon (3/15)

Altars:


Innate Abilities, Weirdness & Mutations

Your serpentine skin is tough. (AC +1)
You have supernaturally acute eyesight. (SInv)
Armour fits poorly on your strangely shaped body.
Your system is resistant to poisons. (rPois)
You cover ground very slowly.
You can spit poison.
You have a snake-like lower body.


Message History

You barely miss the orc.
The orc is heavily wounded.
The orc hits you with a +0 flail.
* * * LOW HITPOINT WARNING * * *
You feel much better. The orc barely misses you.
You hit the orc but do no damage.
The orc is heavily wounded.
The orc hits you with a +0 flail.
You closely miss the orc.
The orc is heavily wounded.
You have got your breath back.
The orc hits you with a +0 flail.
You hit the orc.
The orc is severely wounded.
The orc closely misses you. The orc attacks as you move away!
The orc hits you with a +0 flail!
* * * LOW HITPOINT WARNING * * *
The orc closely misses you.
Blink to where?
Press: ? - help, Dir - move target, p - orc
As you read the scroll of blinking, it crumbles to dust.
Found an escape hatch in the ceiling.
Found an escape hatch in the floor.
The bat barely misses you. The bat closely misses you.
The orc hits you with a +0 flail.
* * * LOW HITPOINT WARNING * * *
There is a stone staircase leading up here.
The bat barely misses you. The orc completely misses you.
You climb upwards.
There is a stone staircase leading down here.
Aiming: Spit Poison (1% risk of failure)
Press: ? - help, Shift-Dir - straight line, f - orc
Aim: an orc, wielding a +0 flail and wearing a +0 leather armour (severely wounded, 59% to hit)
The splash of poison hits the orc.
The orc is almost dead.
The orc barely misses you.
You closely miss the orc.
The orc is almost dead.
The orc hits you with a +0 flail!
You die...

#.....##..........'.........
#.....##....#######.........
#.....##....# ##############
#.....#####.# #...# #...#
#.....# #.# #...# #...# #..)..#
#.# #...# #...#
#####.....#####.###...######...#
#.......................#..+...+
#.#############@...........#...#
#.# #o###...#.#..#...# #.# #.#
#####.#......# #.# ####.#####
#.#.#....# #.# #........#
#.#)#....# #.# #........#
#.#.#.#### #.# #........#
#.#.#..# #.# ########........#
#.#.##.### #.# #...............#
#.#.##.##.


You could see an orc.

Vanquished Creatures
  5 adders
  A worm (D:2)
  A dart slug (D:2)
  6 ball pythons
  7 bats
  3 endoplasms (D:2)
  3 giant cockroaches (D:1)
  2 goblins
  4 hobgoblins
  2 kobolds
  3 quokkas
  5 frilled lizards
  2 rats (D:1)
44 creatures vanquished.

Notes
Turn   | Place    | Note
-------+----------+-------------------------------------------
     0 | D:1      | Shayle the Naga Warper began the quest for the Orb.
     0 | D:1      | Reached XP level 1. HP: 19/19 MP: 3/3
   211 | D:1      | Reached skill level 1 in Throwing
   224 | D:1      | Reached skill level 1 in Stealth
   373 | D:1      | Reached XP level 2. HP: 23/26 MP: 5/5
   882 | D:1      | Reached skill level 2 in Stealth
   934 | D:2      | Found a faded altar of an unknown god.
   954 | D:1      | Reached XP level 3. HP: 8/32 MP: 6/6
  2072 | D:2      | Reached skill level 3 in Stealth
  2601 | D:2      | Reached XP level 4. HP: 22/40 MP: 7/7
  3429 | D:2      | Reached skill level 4 in Stealth
  3540 | D:2      | Slain by an orc

Illustrated notes

Levels and vault maps discovered:
D:1:      dpeg_arrival_snail, layout_basic
D:2:      layout_basic, nicolae_ecumenical_pavilion, minmay_nonomino_d4
D:3:      layout_loops_cross, mainiacjoe_overflow_catwalk, minmay_cupped,
          uniq_robin

Skill      XL: |  1  2  3  4 |
---------------+-------------+-----
Throwing       | 1 |  1.8
Stealth        | 1 2 3 4 |  4.0
Fighting       | |  2.6
Armour         | |  0.7
Dodging        | |  1.5
Unarmed Combat | |  2.0
Spellcasting   | |  2.6
Translocations | |  3.0

Action                   |  1- 3 |  4- 6 || total
-------------------------+-------+-------++-------
Melee: Unarmed           |   131 |     7 ||   138
       Punch             |     1 |       ||     1
       Spear             |       |    41 ||    41
 Fire: Triple crossbow   |     4 |       ||     4
Throw: Boomerang         |     7 |       ||     7
 Abil: Spit Poison       |    24 |     9 ||    33
  Use: Scroll            |     2 |     4 ||     6
       Potion            |       |     1 ||     1
 Stab: Distracted        |       |     1 ||     1
Armor: Leather armour    |    41 |    19 ||    60
Dodge: Dodged            |    82 |    35 ||   117

Table legend: (Time is in decaauts)
 A = Elapsed time spent in this place.
 B = Non-inter-level travel time spent in this place.
 C = Inter-level travel time spent in this place.
 D = Time resting spent in this place.
 E = Time spent auto-exploring this place.
 F = Levels seen in this place.
 G = Mean time per level.
                   A        B        C        D        E       F      G
               +--------+--------+--------+--------+--------+-----+--------+
         Total |   4098 |   3952 |    146 |   1496 |   1554 |   3 | 1366.0 |
       Dungeon |   4098 |   3952 |    146 |   1496 |   1554 |   3 | 1366.0 |
               +--------+--------+--------+--------+--------+-----+--------+

Top non-repeatable levels by time:
     D:2: 1933 daAuts
     D:1: 1926 daAuts
     D:3: 238 daAuts
